 Dungeon Crawl Stone Soup version 0.21.1-1-g345015f (webtiles) character file.

56 letownia2 the Charmwright (level 3, 0/27 HPs)
             Began as a Merfolk Skald on Mar 16, 2018.
             Succumbed to an adder's poison
             ... on level 2 of the Dungeon.
             The game lasted 00:03:24 (607 turns).

letownia2 the Charmwright (Merfolk Skald)            Turns: 607, Time: 00:03:25

Health: 0/27       AC:  3    Str: 11    XL:     3   Next: 95%
Magic:  0/6        EV: 12    Int: 13    God:
Gold:   32         SH:  0    Dex: 13    Spells: 0/6 levels left

rFire    . . .     SeeInvis .   a - +0 spear
rCold    . . .     Gourm    .   (no shield)
rNeg     . . .     Faith    .   b - +0 leather armour
rPois    .         Spirit   .   (no helmet)
rElec    .         Reflect  .   (no cloak)
rCorr    .         Harm     .   (no gloves)
MR       .....                  (no boots)
Stlth    +.........             (no amulet)
HPRegen  0.09/turn              (no ring)
MPRegen  0.10/turn              (no ring)

@: lethally poisoned (0 -> -6), infused
A: change form in water, swift swim, stealthy swim
a: no special abilities


You were on level 2 of the Dungeon.
You were not hungry.

You visited 1 branch of the dungeon, and saw 3 of its levels.

You collected 32 gold pieces.

Inventory:

Hand Weapons
 a - a +0 spear (weapon)
Armour
 b - a +0 leather armour (worn)
 g - a +0 scale mail
Scrolls
 f - 2 scrolls of remove curse {unknown}
Potions
 e - a potion of brilliance {unknown}
Books
 c - a book of Battle

   Spells                             Type                      Level
   a - Infusion                       Charms                       1
   b - Shroud of Golubria             Charms/Translocation         2
   c - Song of Slaying                Charms                       2
   d - Spectral Weapon                Hexes/Charms                 3
   e - Regeneration                   Charms/Necromancy            3
Comestibles
 d - 4 rations


   Skills:
 - Level 2.1 Fighting
 - Level 3.0 Polearms
 - Level 0.6 Armour
 - Level 2.6 Dodging
 - Level 2.0 Spellcasting
 + Level 1.2 Hexes
 + Level 4.3 Charms
 - Level 1.4 Translocations


You couldn't memorise any spells.
You knew the following spells:

 Your Spells              Type           Power        Failure   Level  Hunger
a - Infusion              Chrm           ##..         5%          1    ##.....
t - Shroud of Golubria    Chrm/Tloc      #.........   16%         2    ###....
x - Spectral Weapon       Hex/Chrm       #.......     32%         3    ####...


Dungeon Overview and Level Annotations

Branches:
Dungeon (3/15)

Altars:
Qazlal


Message History

Confirm with . or Enter, or press ? or * to list all spells.
You begin infusing your attacks with magical energy.
You hit the adder!
The adder is almost dead.
The adder misses you.
You closely miss the adder.
The adder is almost dead.
The adder misses you. The adder bites you.
* * * LOW HITPOINT WARNING * * *
You are poisoned.
The adder poisons you!
Unknown command.
You hit the adder.
You kill the adder!
Your Hexes skill increases to level 1!
* * * LOW HITPOINT WARNING * * *
You feel sick.
The gnoll hits you from afar with a spear.
* * * LOW HITPOINT WARNING * * *
You die...

..........# #.# .#.#.##.#.#
#.. .#.#.##.#.# .......K..#
##.#......# #.....K..#
.....##g#.# ##### #g#...
#@##### #.# #.# #.# #.#
#.########### ###
#.##...##... ..
#####.#.....#.# #(
##########...#.........#####
#.


You could see 2 gnolls and 2 kobolds.

Vanquished Creatures
  3 adders (D:2)
  2 worms (D:2)
  2 dart slugs
  2 leopard geckos (D:1)
  A giant cockroach (D:1)
  2 hobgoblins (D:2)
  2 bats
  2 frilled lizards (D:2)
  5 kobolds
  A rat (D:2)
22 creatures vanquished.

Notes
Turn   | Place    | Note
-------+----------+-------------------------------------------
     0 | D:1      | letownia2 the Merfolk Skald began the quest for the Orb.
     0 | D:1      | Reached XP level 1. HP: 16/16 MP: 3/3
    79 | D:1      | Reached XP level 2. HP: 5/22 MP: 0/5
    90 | D:1      | Reached skill level 4 in Charms
    95 | D:1      | Learned a level 2 spell: Shroud of Golubria
   343 | D:2      | Reached skill level 1 in Translocations
   343 | D:2      | Reached XP level 3. HP: 19/27 MP: 0/6
   348 | D:2      | Learned a level 3 spell: Spectral Weapon
   359 | D:2      | Found a stormy altar of Qazlal.
   606 | D:2      | Reached skill level 1 in Hexes
   606 | D:2      | HP: 1/27 [gnoll/spear (6)]
   607 | D:2      | Succumbed to an adder's poison

Skill      XL: |  1  2  3 |
---------------+----------+-----
Charms         | 4 |  4.3
Translocations | 1 |  1.4
Hexes          | 1 |  1.2
Fighting       | |  2.1
Polearms       | |  3.0
Armour         | |  0.6
Dodging        | |  2.6
Spellcasting   | |  2.0

Action                   || total
-------------------------++-------
Melee: Spear             ||    74
 Cast: Infusion          ||    13
       Shroud of Golubri ||     3
 Stab: Sleeping          ||     2
Armor: Leather armour    ||     6
Dodge: Dodged            ||    28
